 Dungeon Crawl Stone Soup version 0.17.1-3-g152610e (webtiles) character file.

34 Gargoyl the Skirmisher (level 3, 0/29 HPs)
             Began as a Demonspawn Abyssal Knight on Apr 14, 2016.
             Was a Follower of Lugonu.
             Slain by a worm (7 damage)
             ... on level 2 of the Dungeon.
             The game lasted 00:03:07 (1309 turns).

Gargoyl the Skirmisher (Demonspawn Abyssal Knight)  Turns: 1309, Time: 00:03:07

Health: 0/29       AC:  6    Str: 13    XL:     3   Next: 14%
Magic:  5/5        EV:  8    Int: 13    God:    Lugonu [*.....]
Gold:   119        SH:  7    Dex: 12    Spells: 0 memorised, 2 levels left

rFire  . . .     SeeInvis .     a - +1 hand axe
rCold  . . .     Clarity  .     i - +0 ring mail
rNeg   . . .     SustAt   .     e - +0 shield
rPois  .         Gourm    .     (no helmet)
rElec  .         Spirit   .     l - +0 cloak
rCorr  .         Warding  .     (no gloves)
rMut   .         Stasis   .     (no boots)
MR     .....                    (no amulet)
Stlth  +.........               (no ring)
                                (no ring)

@: not resistant to hostile enchantments, very unstealthy
A: powered by death 1, powered by pain 1
a: Depart the Abyss, Renounce Religion


You were on level 2 of the Dungeon.
You worshipped Lugonu.
Lugonu was aware of your devotion.
You were hungry.

You visited 1 branch of the dungeon, and saw 2 of its levels.
You visited the Abyss 1 time.

You collected 119 gold pieces.

Inventory:

Hand Weapons
 a - a +1 hand axe (weapon)
Armour
 e - a +0 shield (worn)
 i - a +0 ring mail (worn)
 l - a +0 cloak (worn)
Scrolls
 d - 3 scrolls of fog {unknown}
 f - 2 scrolls of enchant armour {unknown}
 j - 3 scrolls of identify {unknown}
 m - a scroll of fear {unknown}
Potions
 b - a potion of degeneration {unknown}
 g - a potion of haste {unknown}
 n - a potion of curing {unknown}
Comestibles
 c - a bread ration
 h - 2 fruits
 k - a meat ration


   Skills:
 + Level 3.2 Fighting
 + Level 1.9 Axes
 * Level 2.1 Armour
 + Level 1.4 Dodging
 + Level 1.0 Shields
 + Level 2.7 Invocations


You had 2 spell levels left.
You didn't know any spells.

Dungeon Overview and Level Annotations

Branches:
Dungeon (2/15)

Altars:
The Shining One


Innate Abilities, Weirdness & Mutations

You regenerate a little health from kills.
You sometimes gain a little power by taking damage.


Message History

The worm is moderately wounded.
You hit the worm but do no damage.
The worm is moderately wounded.
The worm bites you.
You hit the worm.
The worm is moderately wounded.
The worm barely misses you.
You barely miss the worm.
The worm is moderately wounded.
The worm closely misses you.
Your shield and ring mail prevent you from hitting the worm.
The worm is moderately wounded.
The worm bites you!
* * * LOW HITPOINT WARNING * * *
You hit the worm.
The worm is heavily wounded.
You hit the worm.
The worm is severely wounded.
The worm bites you!
You die...

.. #####....##
#.####..)......#
#(.##..#.......#
##.##.##.>.....##
#...#.##........#
..#...##........## #
..#..#...........# .#
.###...##.....##.#.[##
## ##..###...##.@w...#
# .##..##.......#..##
. ...##.....####.#...#
..... #..... #.# #.#
.._. ###...# #.# .#
.... .. #.# ? #.# .
...


You could see a worm.

Vanquished Creatures
  An ooze (D:1)
  A giant gecko (D:2)
  A ball python (D:1)
  5 bats
  2 giant cockroaches (D:1)
  5 goblins (D:1)
  6 hobgoblins (D:1)
  4 giant newts
  A kobold (D:1)
26 creatures vanquished.

Notes
Turn   | Place    | Note
--------------------------------------------------------------
     0 | Abyss:1  | Gargoyl the Demonspawn Abyssal Knight began the quest for the Orb.
     0 | Abyss:1  | Reached XP level 1. HP: 18/18 MP: 2/2
    89 | Abyss:2  | Noticed a small abomination
    97 | Abyss:2  | Noticed a neqoxec
    98 | Abyss:2  | Noticed a quasit
    98 | D:1      | Escaped the Abyss
   258 | D:1      | Reached skill level 1 in Dodging
   317 | D:1      | Reached * piety under Lugonu
   317 | D:1      | Gained mutation: You sometimes gain a little power by taking damage. [demonic ancestry]
   317 | D:1      | Reached XP level 2. HP: 17/24 MP: 3/3
  1041 | D:1      | Gained mutation: You regenerate a little health from kills. [demonic ancestry]
  1041 | D:1      | Reached XP level 3. HP: 27/29 MP: 5/5
  1215 | D:2      | Found a glowing golden altar of the Shining One.
  1235 | D:2      | Reached skill level 1 in Shields
  1309 | D:2      | Slain by a worm

Action                   || total
-------------------------++-------
Melee: Hand axe          ||   118
Invok: Depart the Abyss  ||     1
  Eat: Chunk             ||     1
